Map: Orbital Shipyard

Players

QueenMortis - Winner!

  • Race: Zerg Zerg
  • League: Master

Distan

  • Race: Terran Terran
  • League: Master

VOD

Have the link to the VOD?

Description

Time

  • Played on: Feb. 20, 2016, 3:44 p.m.
  • Length: 14:24
Show
View Real Time Build Order
Export as new Build Order

QueenMortis Zerg - Winner!

Build Orders: Hatch First 

Get SALT Encoding   

  12  0:01  Drone  
  13  0:12  Overlord  
  13  0:17  Drone  
  14  0:30  Drone x2  
  14  0:34  Drone  
  17  0:51  Hatchery  
  17  0:54  Drone  
  17  0:58  Drone  
  18  1:06  Drone  
  19  1:16  Spawning Pool  
  18  1:19  Drone  
  19  1:29  Drone  
  20  1:39  Extractor  
  19  1:42  Hatchery  
  19  1:47  Drone  
  19  1:49  Drone  
  20  2:00  Drone  
  21  2:03  Queen  
  23  2:09  Queen  
  23  2:12  Zergling x2  
  23  2:15  Zergling x2  
  27  2:17  Drone  
  27  2:22  Overlord  
  28  2:27  Spore Crawler  
  27  2:30  Extractor  
  27  2:35  Drone  
  27  2:36  Drone  
  28  2:40  Queen  
  31  2:46  Queen  
  31  2:49  Drone  
  34  2:56  Queen  
  36  3:02  Overlord  
  36  3:08  Drone  
  36  3:09  Drone  
  36  3:11  Drone  
  36  3:12  Drone  
  40  3:22  Drone x3  
  42  3:42  Metabolic Boost  
  42  3:43  Overlord  
  42  3:46  Drone x6  
  48  3:56  Drone x2  
  48  3:57  Overlord  
  48  3:59  Baneling Nest  
  49  4:03  Drone x3  
  52  4:11  Overlord  
  52  4:15  Overlord  
  52  4:21  Drone x6  
  52  4:23  Overlord  
  58  4:27  Extractor  
  58  4:31  Zergling x10  
  58  4:32  Zergling x2  
  63  4:40  Zergling x8  
  67  4:50  Zergling x2, Baneling x4  
  67  4:51  Zergling x10  
  73  5:01  Evolution Chamber x2  
  70  5:09  Zergling x12  
  72  5:15  Drone x2  
  72  5:18  Drone  
  72  5:19  Drone x5  
  72  5:21  Extractor  
  79  5:28  Overlord  
  79  5:34  Drone x3  
  79  5:35  Overlord x2  
  81  5:36  Zerg Melee Weapons Level 1, Zerg Ground Armor Level 1  
  81  5:40  Overlord x2  
  81  5:43  Extractor  
  80  5:50  Overlord  
  80  5:51  Drone x8  
  82  6:02  Zergling x10  
  75  6:12  Zergling x2, Hatchery  
  75  6:13  Zergling x4  
  77  6:21  Roach Warren  
  77  6:24  Zergling x4  
  77  6:25  Zergling x10  
  83  6:27  Lair  
  83  6:28  Zergling x2  
  83  6:29  Zergling x2  
  83  6:30  Extractor  
  84  6:34  Roach Warren  
  84  6:37  Drone x5  
  84  6:38  Drone  
  89  6:51  Hatchery  
  88  6:57  Drone x9  
  97  7:07  Zergling x2  
  97  7:08  Zergling x6  
  100  7:16  Zergling x2  
  100  7:18  Zergling x2  
  100  7:19  Zergling x2  
  102  7:25  Zergling x2  
  102  7:29  Zergling x10  
  106  7:30  Zergling x8  
  106  7:34  Baneling x3  
  106  7:35  Baneling x5  
  106  7:36  Zergling x8  
  107  7:40  Overseer  
  107  7:41  Zergling x2  
  104  7:45  Zergling x4  
  104  7:46  Zergling x2  
  93  7:59  Zergling x8  
  93  8:04  Zerg Melee Weapons Level 2, Zerg Ground Armor Level 2  
  97  8:06  Glial Reconstitution  
  97  8:07  Roach x4  
  97  8:08  Extractor  
  97  8:12  Drone  
  103  8:21  Queen  
  103  8:24  Drone  
  102  8:28  Drone x10  
  102  8:33  Zergling x2, Infestation Pit  
  105  8:35  Ravager x4  
  105  8:38  Roach x5  
  119  8:43  Roach x2  
  123  8:52  Roach x6  
  134  8:56  Baneling x7  
  134  9:01  Roach  
  134  9:02  Roach x2  
  140  9:03  Overlord x2  
  128  9:12  Roach x4  
  128  9:13  Ravager  
  128  9:14  Ravager x4  
  132  9:20  Overlord x3  
  118  9:33  Hatchery  
  115  9:39  Hive  
  115  9:40  Zergling x10  
  115  9:41  Zergling x4, Overseer x2  
  115  9:44  Burrow  
  122  9:50  Zergling x2  
  122  9:51  Zergling x16  
  128  9:53  Overseer x2  
  128  9:58  Zergling x10  
  128  9:59  Zergling x12  
  137  10:15  Zergling x8  
  137  10:26  Zergling x20  
  120  10:45  Pathogen Glands  
  120  10:50  Zergling x6  
  120  10:51  Zergling x12  
  120  10:53  Zerg Melee Weapons Level 3, Zerg Ground Armor Level 3  
  120  10:54  Ultralisk Cavern  
  120  10:55  Adrenal Glands  
  128  11:08  Drone x10  
  138  11:29  Zergling x22  
  138  11:30  Hatchery  
  146  11:33  Pneumatized Carapace  
  146  11:35  Infestor  
  146  11:37  Overlord x2  
  148  11:41  Extractor  
  148  11:42  Extractor  
  146  11:48  Ravager x2  
  146  11:52  Overlord  
  148  11:54  Chitinous Plating  
  148  11:56  Ultralisk  
  154  12:06  Ultralisk  
  154  12:07  Overlord  
  154  12:08  Overlord x3  
  160  12:12  Infestor x2  
  157  12:35  Ultralisk x3  
  164  12:47  Zergling x2  
  164  12:48  Zergling x14  
  170  12:57  Ultralisk  
  169  13:08  Ultralisk  
  170  13:23  Nydus Network  
  169  13:29  Spore Crawler  
  169  13:30  Spine Crawler  
  167  13:38  Ultralisk  
  165  13:51  Zergling x2  
  165  13:52  Zergling x2  
  165  13:54  Zergling x20  
  180  14:22  Nydus Canal  
Show
View Real Time Build Order
Export as new Build Order

Distan Terran 

Build Orders: Reaper Expand, MMM Bio 

Get SALT Encoding   

  12  0:02  SCV  
  13  0:14  SCV  
  14  0:18  Supply Depot  
  14  0:26  SCV  
  15  0:40  SCV  
  15  0:41  Barracks  
  16  0:44  Refinery  
  16  0:52  SCV  
  17  1:04  SCV  
  18  1:16  SCV  
  19  1:30  Reaper, Orbital Command  
  20  1:43  Command Center  
  20  1:54  Supply Depot  
  20  1:55  SCV  
  21  2:03  Barracks Reactor  
  21  2:07  SCV  
  22  2:11  Barracks  
  22  2:20  Barracks  
  22  2:22  SCV  
  23  2:34  SCV  
  24  2:38  Marine x2  
  26  2:48  SCV, Engineering Bay  
  27  2:55  Orbital Command  
  27  2:57  Marine x2  
  29  2:58  Barracks Tech Lab  
  29  3:02  SCV  
  30  3:09  Barracks Tech Lab  
  30  3:14  SCV  
  30  3:18  Stimpack  
  30  3:19  Terran Infantry Weapons Level 1  
  31  3:20  Marine  
  31  3:22  SCV  
  31  3:23  Marine  
  31  3:26  SCV  
  35  3:31  Marine x2  
  37  3:34  SCV  
  37  3:38  SCV  
  38  3:44  Refinery  
  38  3:46  SCV  
  39  3:48  Marine x2  
  39  3:49  Supply Depot  
  39  3:50  SCV  
  39  3:51  Marauder  
  39  3:54  Marauder  
  46  4:05  Supply Depot  
  46  4:10  SCV x2  
  46  4:11  Marine x2  
  46  4:16  Combat Shields  
  50  4:19  Marine x2  
  50  4:21  Supply Depot  
  50  4:23  SCV x2  
  54  4:27  Supply Depot  
  54  4:29  Refinery, Marine x2  
  56  4:35  SCV x2  
  58  4:42  Command Center  
  58  4:45  Marine x2  
  60  4:50  Marine x2  
  62  4:54  Supply Depot  
  62  4:56  Factory  
  62  4:58  SCV x2  
  64  5:02  Marine  
  63  5:10  SCV x2  
  63  5:12  Marine x2  
  55  5:16  Supply Depot  
  55  5:17  Terran Infantry Armor Level 1  
  57  5:22  Supply Depot, SCV x2  
  57  5:25  Marauder x2  
  61  5:33  Marine  
  61  5:34  SCV, Marine  
  61  5:35  SCV  
  65  5:39  Supply Depot  
  65  5:43  Starport, Factory Reactor  
  65  5:46  Refinery, SCV, Marine  
  65  5:47  SCV, Marine  
  69  5:51  Marine  
  70  5:58  SCV  
  70  6:02  Marine  
  70  6:04  Orbital Command  
  71  6:05  Barracks x2  
  71  6:06  SCV  
  71  6:08  Marine  
  71  6:09  Marine x2  
  71  6:10  SCV  
  76  6:13  Supply Depot  
  76  6:17  Supply Depot  
  76  6:18  Orbital Command  
  76  6:24  SCV x2  
  78  6:25  Marine  
  78  6:26  Marine  
  78  6:27  Medivac x2, Factory Reactor  
  78  6:31  Marine  
  78  6:32  Marine  
  86  6:36  SCV x2, Missile Turret  
  86  6:37  Missile Turret  
  88  6:40  Supply Depot  
  88  6:44  Marine  
  88  6:45  Marine  
  88  6:46  SCV  
  91  6:48  SCV  
  91  6:49  Marine  
  91  6:51  SCV  
  91  6:53  Marine  
  95  6:54  Barracks Reactor  
  95  6:55  Barracks Reactor  
  95  6:57  Supply Depot  
  95  6:58  SCV  
  95  7:00  Medivac, SCV  
  95  7:01  Medivac  
  101  7:07  Supply Depot, Marine x3  
  104  7:10  Widow Mine  
  104  7:11  SCV x2  
  104  7:12  SCV  
  109  7:18  Armory, Marine  
  104  7:24  Marine  
  104  7:25  Marine x2  
  101  7:36  Marine x4  
  98  7:40  Marine, Widow Mine x2  
  98  7:42  Marine x2  
  98  7:43  Marine  
  99  7:53  Marine x2  
  99  7:54  Marine  
  99  7:57  Marine x2  
  81  8:00  Marine x2  
  81  8:01  Marine  
  78  8:08  Medivac x2, Widow Mine  
  78  8:10  SCV  
  78  8:11  Marine x2  
  78  8:12  SCV  
  87  8:18  SCV  
  87  8:19  Marine  
  88  8:20  Marine  
  88  8:22  SCV  
  88  8:24  SCV  
  92  8:27  Marine x2  
  92  8:30  SCV  
  92  8:34  Engineering Bay  
  95  8:38  Medivac  
  95  8:40  Widow Mine  
  95  8:41  Widow Mine  
  99  8:42  Terran Infantry Weapons Level 2  
  101  8:55  Marine  
  101  8:56  Marine x6  
  101  8:57  Marauder  
  103  9:12  Widow Mine x2  
  103  9:13  Medivac x2, Marine x2  
  103  9:14  Marine  
  103  9:15  Marauder, Factory  
  103  9:16  Supply Depot  
  116  9:18  Supply Depot  
  116  9:21  Marine x2  
  116  9:22  SCV  
  116  9:24  Marine x2  
  118  9:33  Liberator  
  118  9:34  Marine x3  
  118  9:36  SCV x3, Marine  
  124  9:39  Marine  
  125  9:48  SCV, Marine x3  
  125  9:49  Widow Mine x2  
  125  9:51  Marine  
  137  9:54  Marine x2  
  137  9:55  Marine  
  137  9:56  Marine  
  141  10:06  Marine x3  
  144  10:07  Factory Tech Lab  
  144  10:09  Marine  
  144  10:12  Marine x2  
  145  10:20  Marine x2  
  136  10:24  Marine  
  136  10:25  Marine x2  
  136  10:27  Marine  
  135  10:30  Marine x2  
  110  10:38  Marine x2  
  110  10:41  Widow Mine x2  
  110  10:42  Siege Tank, Marine  
  110  10:43  Marine x2  
  110  10:44  SCV x2  
  110  10:45  Barracks, Marine  
  110  10:46  Barracks  
  110  10:48  Marine  
  116  10:51  Refinery, Terran Infantry Armor Level 2  
  116  10:52  Refinery  
  116  10:58  Marine x3  
  116  11:00  SCV x3  
  116  11:02  Marine x2  
  124  11:06  Marine  
  124  11:07  Marine x2  
  127  11:12  SCV  
  127  11:15  Marine  
  127  11:16  Marine x2  
  131  11:20  Marine  
  131  11:24  Marine x3  
  131  11:25  Marine  
  133  11:29  Widow Mine x2  
  133  11:30  Siege Tank  
  141  11:33  Marine x3  
  141  11:34  Marine x2  
  146  11:42  Command Center  
  146  11:48  Marine x4  
  150  11:55  Barracks Reactor x2, Marine x3  
  150  12:01  Marine  
  153  12:02  Siege Tank  
  153  12:06  Marine x2  
  153  12:07  Marine x2  
  161  12:13  Marine x3  
  164  12:16  Widow Mine x2  
  164  12:19  Marine  
  159  12:23  Marine  
  159  12:24  Marine  
  159  12:25  Marine  
  159  12:26  Marine  
  142  12:31  Marine x3  
  142  12:37  Marine  
  132  12:41  Marine x3  
  132  12:42  Marine  
  122  12:49  Marine x2  
  101  12:59  Marine, Orbital Command  
  99  13:12  Marine x2  
  95  13:48  Marine  
Tags
 
Add a new tag
Caveats
  • Supply blocks, unpowered buildings, or Contaminate may cause inaccurate times.
  • Supply counts are checked every 10 seconds.